 Dungeon Sprint DCSS version 0.18-a0-1745-gffa9a88 (webtiles) character file.

263 pipel the Thrower (level 6, -1/102 HPs)
             Began as an Ogre Hunter on Apr 11, 2016.
             Was a Follower of Okawaru.
             Slain by Prince Ribbit (8 damage)
             ... in the Dungeon (Sprint VII: "The Pits").
             The game lasted 00:03:35 (296 turns).

pipel the Thrower (Ogre Hunter)                      Turns: 296, Time: 00:03:36

Health: -1/102     AC:  8    Str: 25    XL:     6   Next: 19%
Magic:  6/6        EV: 11    Int: 10    God:    Okawaru [*.....]
Gold:   0          SH:  0    Dex: 10    Spells: 0 memorised, 5 levels left

rFire  . . .     SeeInvis .     m - +2 quarterstaff (protect)
rCold  . . .     Gourm    .     b - +0 robe
rNeg   . . .     Faith    .     (shield currently unavailable)
rPois  .         Spirit   .     (helmet restricted)
rElec  .         Dismiss  .     (no cloak)
rCorr  .         Reflect  .     (gloves unavailable)
SustAt .         Harm     .     (boots unavailable)
MR     .....     NoTele   +     (no amulet)
Stlth  ..........               (no ring)
                                (no ring)

@: berserking, very quick, not resistant to hostile enchantments, extremely
unstealthy
A: unfitting armour, tough skin 1
a: Heroism, Renounce Religion


You were in the Dungeon.
You worshipped Okawaru.
Okawaru was aware of your devotion.
You were not hungry.

You visited 1 branch

Inventory:

Hand Weapons
 a - a +0 short sword
 l - a +2 mace
 m - a +2 quarterstaff of protection (weapon)
 x - a +1 mace of crushing
Missiles
 c - 5 large rocks (quivered)
 d - 2 throwing nets
 q - 14 stones
Armour
 b - a +0 robe (worn)
Magical Staves
 r - an uncursed staff of energy
Scrolls
 k - a scroll of blinking
 s - 3 scrolls of remove curse
 t - 5 scrolls of amnesia
 u - a scroll of summoning
 v - 2 scrolls of vulnerability
Potions
 e - 6 potions of curing
 h - a potion of haste
 i - 4 potions of magic
 j - 2 potions of berserk rage
 p - 2 potions of invisibility
Comestibles
 f - 8 bread rations
 n - 40 fruits
 o - 7 meat rations
 w - 7 chunks of flesh


   Skills:
 + Level 6.8 Fighting
 + Level 10.7 Throwing
 + Level 5.1 Dodging
 - Level 1.3 Stealth


You had 5 spell levels left.
You didn't know any spells.

Dungeon Overview and Level Annotations

Branches:
Dungeon (1/1)

Altars:
Ashenzari
Cheibriados
Dithmenos
Elyvilon
Fedhas
Gozag
Kikubaaqudgha
Makhleb
Nemelex Xobeh
Okawaru
Pakellas
Qazlal
Ru
Sif Muna
Trog
Vehumet
Xom
Yredelemnul
Zin
The Shining One
Beogh
Jiyva
Lugonu

Annotations:
D Prince Ribbit


Innate Abilities, Weirdness & Mutations

You are too large for most types of armour.
You have tough skin (AC +1).


Message History

You miss Prince Ribbit.
Prince Ribbit is heavily wounded.
Prince Ribbit hits you!
* * * LOW HITPOINT WARNING * * *
Prince Ribbit hits you!
* * * LOW HITPOINT WARNING * * *
You take 29 damage, and have 1/68 hp.
MASSIVE DAMAGE!!
Drink which item? (? for menu, Esc to quit)
You feel much better. Prince Ribbit hits you.
* * * LOW HITPOINT WARNING * * *
You regained 9 hp, and now have 10/68 hp.
Drink which item? (? for menu, Esc to quit)
A red film seems to cover your vision as you go berserk!
You feel yourself moving faster!
You feel mighty! Prince Ribbit hits you!
* * * LOW HITPOINT WARNING * * *
You now have 7/102 hp.
You barely miss Prince Ribbit.
Prince Ribbit is heavily wounded.
Prince Ribbit hits you!
You die...

#.#†.#####.##......
#.#..'...#.##......
#.#..'...).##......
#.#..########...<..
#.#..'.)))[##......
#.#..#.)).[##......
#'###########......
#.......# #######
#.@#.#..# #F##.# #
#..b....# #.##.##.#
#(. .# #(. ..
######


You could see Prince Ribbit.

Vanquished Creatures
  A sky beast (D)
  A wolf (D)
  A jelly (D)
  2 worker ants (D)
  An adder skeleton (D)
  A giant gecko (D)
  An orc (D)
  A goblin (D)
  A bat (D)
  A giant newt (D)
  2 kobolds (D)
13 creatures vanquished.

Notes
Turn   | Place    | Note
--------------------------------------------------------------
     0 | D        | pipel the Ogre Hunter began the quest for the Orb.
     0 | D        | Reached XP level 1. HP: 22/22 MP: 1/1
    27 | D        | Found a sacrificial altar of Ru.
    27 | D        | Found a basalt altar of Yredelemnul.
    27 | D        | Found a glowing golden altar of the Shining One.
    27 | D        | Found a deep blue altar of Sif Muna.
    27 | D        | Found a burning altar of Makhleb.
    27 | D        | Found an ancient bone altar of Kikubaaqudgha.
    27 | D        | Found a glowing silver altar of Zin.
    28 | D        | Found a shadowy altar of Dithmenos.
    28 | D        | Found a bloodstained altar of Trog.
    28 | D        | Found a shattered altar of Ashenzari.
    28 | D        | Found a white marble altar of Elyvilon.
    28 | D        | Found a snail-covered altar of Cheibriados.
    28 | D        | Found a blossoming altar of Fedhas.
    28 | D        | Found a radiant altar of Vehumet.
    28 | D        | Found a shimmering altar of Xom.
    28 | D        | Found a sparkling altar of Nemelex Xobeh.
    28 | D        | Found a corrupted altar of Lugonu.
    28 | D        | Found a viscous altar of Jiyva.
    28 | D        | Found a roughly hewn altar of Beogh.
    28 | D        | Found an iron altar of Okawaru.
    29 | D        | Found an oddly glowing altar of Pakellas.
    32 | D        | Found a stormy altar of Qazlal.
    33 | D        | Found an opulent altar of Gozag.
    35 | D        | Became a worshipper of Warmaster Okawaru
    81 | D        | Noticed a worker ant
    82 | D        | Reached skill level 1 in Stealth
    86 | D        | Killed a worker ant
    86 | D        | Reached skill level 6 in Throwing
    86 | D        | Reached XP level 2. HP: 31/31 MP: 2/2
    86 | D        | Reached XP level 3. HP: 37/37 MP: 3/3
   103 | D        | Reached skill level 7 in Throwing
   123 | D        | Reached XP level 4. HP: 42/48 MP: 4/4
   184 | D        | Noticed a wolf
   186 | D        | Noticed a sky beast
   189 | D        | Reached skill level 8 in Throwing
   200 | D        | Killed a wolf
   200 | D        | Reached * piety under Okawaru
   200 | D        | Reached skill level 5 in Fighting
   200 | D        | Reached skill level 9 in Throwing
   200 | D        | Reached XP level 5. HP: 18/57 MP: 5/5
   237 | D        | HP: 2/57 [something (6)]
   243 | D        | Killed a sky beast
   243 | D        | Reached skill level 10 in Throwing
   243 | D        | Reached skill level 5 in Dodging
   243 | D        | Reached XP level 6. HP: 26/68 MP: 6/6
   282 | D        | Noticed Prince Ribbit
   293 | D        | HP: 1/68 [Prince Ribbit (16)]
   296 | D        | Slain by Prince Ribbit

Vault maps used:
D:        pitsprint

Skill      XL: |  1  2  3  4  5 |
---------------+----------------+-----
Stealth        | 1 |  1.3
Fighting       | 3 5 6 |  6.8
Throwing       | 6 7 9 10 | 10.7
Dodging        | 2 4 5 |  5.1

Action                   |  1- 3 |  4- 6 || total
-------------------------+-------+-------++-------
Melee: Quarterstaff      |    23 |    30 ||    53
       Short sword       |     1 |       ||     1
Throw: Large rock        |     3 |     1 ||     4
       Stone             |       |     2 ||     2
  Use: Potion            |       |     7 ||     7
 Stab: Sleeping          |     1 |       ||     1
